 Dungeon Crawl Stone Soup version 0.23-b1-49-g13d5857 (webtiles) character file.

Game seed: 5375677867827404277

108498 poirepourri the Severer (level 16, -5/146 HPs)
             Began as a Minotaur Fighter on Feb 3, 2019.
             Was the Champion of Okawaru.
             Slain by a naga warrior
             ... wielding a +0 scimitar
              (17 damage)
             ... on level 4 of the Snake Pit.
             The game lasted 00:32:46 (22070 turns).

poirepourri the Severer (Minotaur Fighter)         Turns: 22070, Time: 00:32:46

Health: -5/146     AC: 14    Str: 29    XL:     16   Next: 2%
Magic:  23/23      EV: 16    Int:  8    God:    Okawaru [******]
Gold:   1334       SH: 19    Dex: 21    Spells: 15/15 levels left

rFire    + . .     SeeInvis .   b - +6 war axe of Irritation {protect, Str+6}
rCold    . . .     Gourm    .   c - +3 shield
rNeg     + + .     Faith    .   M - +1 chain mail of Eternal Vigilance {Dex+3}
rPois    +         Spirit   .   l - +1 hat
rElec    .         Reflect  .   K - scarf {repulsion}
rCorr    .         Harm     .   u - +0 pair of gloves
MR       +....                  v - +0 pair of boots of Viuzoq {rN+ Int+3}
Stlth    ..........             n - amulet of regeneration
HPRegen  0.74/turn              o - ring "Yceiber" {rF+ rN+ Dex+3}
MPRegen  0.18/turn              g - ring of poison resistance

@: lethally poisoned (-5 -> -6), very slightly contaminated, slowed, repel
missiles, very slow
A: retaliatory headbutt, horns 2
a: Heroism, Finesse, Renounce Religion


You were on level 4 of the Snake Pit.
You worshipped Okawaru.
Okawaru was exalted by your worship.
You were not hungry.

You visited 6 branches of the dungeon, and saw 26 of its levels.
You also visited: Ice Cave.

You collected 2275 gold pieces.
You spent 941 gold pieces at shops.

Inventory:

Hand Weapons
 a - the +6 hand axe of Goloh {flame, *Noise rElec Str+8 Stlth-}
   (You bought it in a shop on level 2 of the Orcish Mines)

   It has been specially enchanted to burn those struck by it, causing extra
   injury to most foes and up to half again as much damage against particularly
   susceptible opponents.
   Big, fiery blades are also staple armaments of hydra-hunters.
   It affects your strength (+8).
   It insulates you from electricity.
   It may make noises in combat.
   It makes you less stealthy.
 b - the +6 war axe of Irritation (weapon) {protect, Str+6}
   (Okawaru gifted it to you on level 2 of the Orcish Mines)

   It protects the one who uses it against injury (+AC on strike).
   It affects your strength (+6).
 r - a +3 broad axe of flaming
 A - a +0 hand crossbow
Missiles
 d - 211 bolts
 w - 5 poisoned tomahawks (quivered)
 x - 47 tomahawks
 G - 8 javelins of penetration
 N - 3 silver javelins
Armour
 c - a +3 shield (worn)
 l - a +1 hat (worn)
 u - a +0 pair of gloves (worn)
 v - the +0 pair of boots of Viuzoq (worn) {rN+ Int+3}
   (Okawaru gifted it to you on level 6 of the Lair of Beasts)

   It affects your intelligence (+3).
   It protects you from negative energy.
 F - a +1 cloak
 K - a scarf of repulsion (worn)
 M - the +1 chain mail of Eternal Vigilance (worn) {Dex+3}
   (You found it on level 3 of the Lair of Beasts)

   It affects your dexterity (+3).
Jewellery
 g - a ring of poison resistance (right hand)
 i - an uncursed ring of ice
 n - an amulet of regeneration (around neck)
 o - the ring "Yceiber" (left hand) {rF+ rN+ Dex+3}
   (You bought it in a shop on level 2 of the Orcish Mines)

   [ring of positive energy]

   It affects your dexterity (+3).
   It protects you from fire.
   It protects you from negative energy.
 B - a +3 amulet of reflection
 O - the ring "Mimis" {Fire rElec Dex+3}
   (You found it in an ice cave)

   [ring of fire]

   It enhances your fire magic.
   It affects your dexterity (+3).
   It protects you from fire.
   It makes you vulnerable to cold.
   It insulates you from electricity.
 Q - an uncursed ring of protection from cold
Wands
 m - a wand of polymorph (7)
 p - a wand of enslavement (36)
 q - a wand of paralysis (5)
 C - a wand of flame (27)
 H - a wand of random effects (62)
 J - a wand of digging (6)
 L - a wand of iceblast (18)
 S - a wand of disintegration (4)
Scrolls
 h - 15 scrolls of remove curse
 k - 12 scrolls of teleportation
 t - 2 scrolls of blinking
 D - 2 scrolls of fog
 I - a scroll of magic mapping
Potions
 e - 2 potions of curing
 j - 3 potions of haste
 s - a potion of lignification
 y - a potion of flight
 z - 2 potions of magic
 E - 4 potions of mutation
 P - a potion of cancellation
Miscellaneous
 R - a phial of floods
Comestibles
 f - 32 rations


   Skills:
 - Level 14.0 Fighting
 - Level 18.2 Axes
 - Level 5.1 Armour
 - Level 10.3 Dodging
 - Level 17.4 Shields
 + Level 11.7 Invocations


You had 15 spell levels left.
You didn't know any spells.
Your spell library contained the following spells:

 Spells                   Type           Power        Failure   Level  Hunger
 Beastly Appendage        Tmut           #.....       91%         1    ##.....
 Corona                   Hex            #......      91%         1    ##.....
 Sandblast                Erth           #.....       91%         1    ##.....
 Passwall                 Tmut/Erth      #.......     97%         2    ###....
 Slow                     Hex            #.......     97%         2    ###....
 Sticks to Snakes         Tmut           #.......     97%         2    ###....
 Inner Flame              Hex/Fire       #.......     100%        3    ####...
 Portal Projectile        Hex/Tloc       #.....       100%        3    ####...
 Spider Form              Tmut/Pois      #.........   100%        3    ####...
 Stone Arrow              Conj/Erth      #.....       100%        3    ####...
 Cause Fear               Hex            #.........   100%        4    #####..
 Ice Form                 Ice/Tmut       #.......     100%        4    #####..
 Leda's Liquefaction      Hex/Erth       #.........   100%        4    #####..
 Petrify                  Tmut/Erth      #.......     100%        4    #####..
 Blade Hands              Tmut           #.........   100%        5    ######.
 Irradiate                Conj/Tmut      #.........   100%        5    ######.
 Lee's Rapid Deconstruct  Erth           #.........   100%        5    ######.
 Hydra Form               Tmut           #.........   100%        6    #######
 Statue Form              Tmut/Erth      #........    100%        6    #######
 Dragon Form              Tmut           #.........   100%        7    #######


Dungeon Overview and Level Annotations

Branches:
Dungeon (12/15)            Temple (1/1) D:6            Lair (6/6) D:9
  Swamp (1/4) Lair:2        Snake (4/4) Lair:3        Slime (0/5) Lair:5
    Orc (2/2) D:10            Elf (0/3) Orc:2

Altars:
Ashenzari
Cheibriados
Dithmenos
Elyvilon
Fedhas
Gozag
Hepliaklqana
Kikubaaqudgha
Makhleb
Nemelex Xobeh
Okawaru
Qazlal
Ru
Sif Muna
Trog
Uskayaw
Vehumet
Wu Jian
Xom
Yredelemnul
Zin
The Shining One
Beogh

Shops:
Orc:2 [=(*

Portals:
Trove: D:12 (give horn of Geryon)

Annotations:
Lair:4 exclusion: 2 oklob plants
Swamp:1 exclusion: Roxanne, Roxanne
Snake:4 Asterion


Innate Abilities, Weirdness & Mutations

You reflexively headbutt those who attack you in melee.
You have a pair of horns on your head.


Message History

The salamander hits you from afar with a +0 trident.
You are engulfed in flames.
You resist.
You escape the naga warrior's grasp.
The Executioner barely misses you. You furiously retaliate!
You headbutt the Executioner. The Executioner barely misses you.
You block the Executioner's attack. The Executioner hits you!!
* * * LOW HITPOINT WARNING * * *
You block the Executioner's attack.
The Executioner hits you but does no damage.
The Executioner hits you!
* * * LOW HITPOINT WARNING * * *
The Executioner hits you but does no damage. x2
You block the Executioner's attack. The Executioner completely misses you.
The Executioner closely misses you.
The salamander hits you from afar with a +0 trident.
* * * LOW HITPOINT WARNING * * *
You are engulfed in flames!
You resist.
* * * LOW HITPOINT WARNING * * *
The naga warrior hits you with a +0 scimitar!
You die... ............. ....#.#.#.N. ........SS ..#.#.#†# #......# ##H#.#.# ## #SN.SSN#

#...#1#N###
#.....@..#
#...#.#.##
###......#
#.#.#.##
#...... #
#.#.# #####


You could see Asterion, a naga warrior, an Executioner, a salamander, a mana
viper, a guardian serpent, a black mamba and a naga mage.

Vanquished Creatures
  Saint Roka (Snake:2)
  A frost giant (IceCv)
  A nagaraja (Snake:2)
  2 orc warlords (Orc:2)
  A fire dragon (Lair:6)
  6 hydras
  6 naga warriors
  A catoblepas (Lair:6)
  8 anacondas
  2 death yaks (IceCv)
  A naga sharpshooter (Snake:3)
  6 shock serpents
  Urug (Orc:2)
  An orc high priest (Orc:2)
  3 sea snakes (Snake:2)
  3 naga ritualists
  A swamp dragon (Swamp:1)
  An unseen horror (D:9)
  2 lindwurms (Lair:6)
  3 orc sorcerers
  7 mana vipers
  2 orc knights (Orc:2)
  A wolf spider (Lair:6)
  2 cyclopes
  An ugly thing (D:11)
  A salamander (Snake:3)
  29 black mambas
  7 elephants
  Maurice (Orc:2)
  4 guardian serpents
  6 torpor snails
  An ice statue (IceCv)
  7 naga magi
  A gargoyle (D:12)
  16 spiny frogs
  5 rime drakes
  6 komodo dragons
  A queen bee (D:10)
  7 tyrant leeches
  12 blink frogs
  10 hornets (Lair:6)
  5 trolls
  18 polar bears
  6 hippogriffs
  4 dream sheep (Lair:4)
  3 redbacks (Lair:6)
  Sigmund (D:6)
  A wraith (D:11)
  A shadow (Swamp:1)
  18 wyverns
  A human (D:10)
  39 yaks
  3 basilisks
  10 vampire mosquitoes (Swamp:1)
  2 steam dragons
  2 wargs
  13 nagas
  2 swamp worms (Swamp:1)
  19 water moccasins
  8 porcupines
  33 orc warriors
  2 swamp drakes (Swamp:1)
  4 sky beasts
  7 ogres
  2 ice beasts
  2 phantoms (D:7)
  2 black bears (D:9)
  A necrophage (D:6)
  19 wolves
  6 centaurs
  15 crocodiles
  13 bullfrogs
  4 scorpions
  A water moccasin skeleton (D:5)
  29 killer bees
  3 electric eels
  12 wights
  2 howler monkeys
  3 crimson imps
  A quasit (D:9)
  2 centaur zombies
  A bullfrog zombie (D:5)
  3 hounds
  13 jellies
  21 orc priests
  A bullfrog skeleton (D:9)
  23 orc wizards
  2 centaur skeletons
  4 iguanas
  8 worker ants
  2 hound skeletons
  A worker ant zombie (D:6)
  10 adders
  12 white imps (Lair:6)
  4 oozes
  An adder skeleton (D:9)
  3 adder zombies
  A worm (D:3)
  3 dart slugs (D:1)
  7 leopard geckos
  79 orcs
  5 giant cockroaches
  18 goblins
  3 hobgoblins
  11 jackals
  6 quokkas
  2 ball pythons
  4 bats
  6 frilled lizards
  A jackal skeleton (D:8)
  A jackal zombie (D:8)
  8 kobolds
  A leopard gecko zombie (D:7)
  2 quokka zombies
  4 rats
  4 fungi
  7 plants
779 creatures vanquished.

Vanquished Creatures (collateral kills)
  A naga mage (Snake:2)
  3 nagas
4 creatures vanquished.

Vanquished Creatures (others)
  A guardian serpent (Snake:3)
  A black mamba (Snake:3)
  2 nagas (Snake:2)
  A black bear (D:12)
  24 fungi
  39 plants
68 creatures vanquished.

Grand Total: 851 creatures vanquished

Notes
Turn   | Place    | Note
-------+----------+-------------------------------------------
     0 | D:1      | poirepourri the Minotaur Fighter began the quest for the
                  | Orb.
     0 | D:1      | Reached XP level 1. HP: 19/19 MP: 0/0
     8 | D:1      | Reached skill level 3 in Axes
     9 | D:1      | Reached XP level 2. HP: 22/26 MP: 1/1
    97 | D:1      | Reached skill level 4 in Axes
   228 | D:1      | Reached XP level 3. HP: 31/31 MP: 2/2
   561 | D:2      | Reached skill level 5 in Axes
   653 | D:2      | Found a shimmering altar of Xom.
   699 | D:2      | Reached XP level 4. HP: 37/39 MP: 3/3
  1077 | D:3      | Found a basalt altar of Yredelemnul.
  1545 | D:3      | Reached skill level 6 in Axes
  1545 | D:3      | Reached XP level 5. HP: 45/45 MP: 4/4
  1576 | D:3      | Found a sacrificial altar of Ru.
  2004 | D:4      | Reached skill level 7 in Axes
  2039 | D:4      | Reached XP level 6. HP: 41/51 MP: 5/5
  2074 | D:4      | Found a shattered altar of Ashenzari.
  2185 | D:4      | Reached skill level 8 in Axes
  2297 | D:4      | Got a jewelled plate armour
  2308 | D:4      | Identified the +0 plate armour of Summer {Str+2} (You found
                  | it on level 4 of the Dungeon)
  2352 | D:4      | Found a snail-covered altar of Cheibriados.
  2421 | D:4      | Reached skill level 9 in Axes
  2550 | D:5      | Entered Level 5 of the Dungeon
  2617 | D:5      | Reached XP level 7. HP: 50/57 MP: 6/6
  3369 | D:5      | Reached skill level 10 in Axes
  3448 | D:5      | Found an opulent altar of Gozag.
  3450 | D:5      | Found an opulent altar of Gozag.
  3450 | D:5      | Found a snail-covered altar of Cheibriados.
  3455 | D:5      | Found a snail-covered altar of Cheibriados.
  3455 | D:5      | Found a sacrificial altar of Ru.
  3455 | D:5      | Found a shimmering altar of Xom.
  3845 | D:6      | Found a staircase to the Ecumenical Temple.
  3875 | D:6      | Reached skill level 11 in Axes
  3875 | D:6      | Reached XP level 8. HP: 11/64 MP: 7/7
  3894 | Temple   | Entered the Ecumenical Temple
  4216 | Temple   | Became a worshipper of Warmaster Okawaru
  4281 | D:6      | Found a white marble altar of Elyvilon.
  4584 | D:6      | Reached skill level 12 in Axes
  4776 | D:6      | Noticed Sigmund
  4785 | D:6      | Killed Sigmund
  4785 | D:6      | Reached * piety under Okawaru
  4886 | D:6      | Found a glowing golden altar of the Shining One.
  5142 | D:6      | Reached skill level 13 in Axes
  5388 | D:7      | Reached XP level 9. HP: 69/70 MP: 8/8
  5451 | D:7      | Reached ** piety under Okawaru
  5526 | D:7      | Reached skill level 14 in Axes
  5842 | D:7      | Found a runed translucent door.
  5853 | D:7      | Reached skill level 15 in Axes
  6289 | D:7      | Reached skill level 5 in Fighting
  6291 | D:7      | Reached *** piety under Okawaru
  6425 | D:7      | Found a roughly hewn altar of Beogh.
  6756 | D:8      | Found a hazy altar of Hepliaklqana.
  6859 | D:8      | Reached XP level 10. HP: 77/88 MP: 9/9
  7028 | D:8      | Reached **** piety under Okawaru
  7388 | D:9      | Reached skill level 10 in Fighting
  7658 | D:9      | Found a staircase to the Lair.
  7724 | D:9      | Found a burning altar of Makhleb.
  7726 | D:9      | Noticed a green death
  7838 | D:9      | Killed an unseen horror
  7838 | D:9      | Reached skill level 5 in Shields
  8176 | D:9      | Found a shadowy altar of Dithmenos.
  8285 | D:9      | Found a blossoming altar of Fedhas.
  8384 | D:10     | Entered Level 10 of the Dungeon
  8784 | D:10     | Found a staircase to the Orcish Mines.
  9010 | D:10     | Reached ***** piety under Okawaru
  9020 | D:10     | Reached XP level 11. HP: 87/102 MP: 10/10
  9507 | D:11     | Noticed a white ugly thing
  9516 | D:11     | Killed a white ugly thing
 10101 | D:11     | Reached skill level 10 in Shields
 10301 | D:12     | Found a bloodstained altar of Trog.
 10323 | D:12     | Found a portal to a secret trove of treasure.
 10475 | D:12     | Identified the +6 battleaxe of the Fox {freeze, *Rage Int+2
                  | Dex+7}
 10475 | D:12     | Noticed a frost giant
 10514 | D:11     | Received a gift from Okawaru
 10579 | Lair:1   | Entered Level 1 of the Lair of Beasts
 11024 | Lair:1   | Found a hazy altar of Hepliaklqana.
 11779 | Lair:2   | Found a staircase to the Swamp.
 11787 | Lair:2   | Reached XP level 12. HP: 88/110 MP: 11/11
 12283 | Lair:3   | Got a jewelled chain mail
 12284 | Lair:3   | Identified the +1 chain mail of Eternal Vigilance {Dex+3}
                  | (You found it on level 3 of the Lair of Beasts)
 12783 | Lair:3   | Found a staircase to the Snake Pit.
 12789 | Lair:3   | Reached ****** piety under Okawaru
 13087 | Lair:4   | Received a gift from Okawaru
 13106 | Lair:4   | Reached skill level 15 in Shields
 13207 | Lair:4   | Noticed a five-headed hydra
 13294 | Lair:4   | Killed a two-headed hydra
 13314 | Lair:4   | Received a gift from Okawaru
 13605 | Lair:4   | Noticed an eight-headed hydra
 13611 | Lair:4   | Killed a six-headed hydra
 13821 | Lair:4   | Noticed a four-headed hydra
 13829 | Lair:4   | Killed a one-headed hydra
 14314 | Lair:5   | Received a gift from Okawaru
 14757 | Lair:5   | Found a staircase to the Slime Pits.
 14953 | Lair:6   | Entered Level 6 of the Lair of Beasts
 14957 | Lair:6   | Reached XP level 13. HP: 116/116 MP: 12/12
 14969 | Lair:6   | Reached skill level 5 in Armour
 15010 | Lair:6   | Reached skill level 1 in Dodging
 15023 | Lair:6   | Received a gift from Okawaru
 15061 | Lair:6   | Got a pair of faintly glowing boots {god gift}
 15092 | Lair:6   | Identified the +0 pair of boots of Viuzoq {rN+ Int+3}
                  | (Okawaru gifted it to you on level 6 of the Lair of Beasts)
 15156 | Lair:6   | Reached skill level 5 in Dodging
 15204 | Lair:6   | Found a gate leading to a gauntlet.
 15563 | Lair:6   | Found a frozen archway.
 15578 | IceCv    | Entered an ice cave
 15669 | IceCv    | Got a crude steel ring
 15688 | IceCv    | Reached skill level 10 in Dodging
 15776 | IceCv    | Received a gift from Okawaru
 15920 | IceCv    | Noticed a frost giant
 15928 | IceCv    | Identified the ring "Mimis" {Fire rElec Dex+3} (You found
                  | it in an ice cave)
 15934 | IceCv    | Reached XP level 14. HP: 122/124 MP: 13/13
 15942 | IceCv    | Killed a frost giant
 15942 | IceCv    | Reached skill level 16 in Axes
 15982 | IceCv    | Got a translucent chain mail
 15995 | IceCv    | Identified the +3 chain mail of the Little Devil {+Blink}
                  | (You found it in an ice cave)
 16181 | Lair:6   | Got a slimy scale mail
 16192 | Lair:6   | Identified the +2 scale mail "Nirism" {-Tele +Inv rElec}
                  | (You found it on level 6 of the Lair of Beasts)
 16245 | Lair:6   | Received a gift from Okawaru
 16518 | Lair:6   | Reached skill level 17 in Axes
 16675 | Lair:6   | Found a runed translucent door.
 16718 | Lair:6   | Received a gift from Okawaru
 17123 | Lair:6   | Received a gift from Okawaru
 17123 | Lair:6   | Reached skill level 18 in Axes
 17391 | Orc:1    | Entered Level 1 of the Orcish Mines
 17625 | Orc:2    | Entered Level 2 of the Orcish Mines
 17711 | Orc:2    | Found a staircase to the Elven Halls.
 17818 | Orc:2    | Noticed Maurice
 17836 | Orc:2    | Killed Maurice
 17843 | Orc:2    | Noticed an orc warlord
 17849 | Orc:2    | Noticed an orc warlord
 17857 | Orc:2    | Killed an orc warlord
 17909 | Orc:2    | Killed an orc warlord
 17989 | Orc:2    | Noticed Urug
 18011 | Orc:2    | Killed Urug
 18231 | Orc:2    | Found a roughly hewn altar of Beogh.
 18235 | Orc:2    | Found Lagonel's Jewellery Shoppe.
 18251 | Orc:2    | Received a gift from Okawaru
 18527 | Orc:2    | Bought the ring "Yceiber" {rF+ rN+ Dex+3} for 685 gold
                  | pieces
 18547 | Orc:2    | Found Dicasaga's Antique Armour Shoppe.
 18606 | Orc:2    | Found Jolaog's Antique Weapon Shoppe.
 18630 | Orc:2    | Got a pitted war axe {god gift}
 18631 | Orc:2    | Identified the +6 war axe of Irritation {protect, Str+6}
                  | (Okawaru gifted it to you on level 2 of the Orcish Mines)
 18650 | Orc:2    | Bought a crude hand axe for 256 gold pieces
 18650 | Orc:2    | Identified the +6 hand axe of Goloh {flame, *Noise rElec
                  | Str+8 Stlth-} (You bought it in a shop on level 2 of the
                  | Orcish Mines)
 18902 | Orc:2    | Found Guyjinn's General Store.
 19183 | Swamp:1  | Entered Level 1 of the Swamp
 19334 | Swamp:1  | Noticed Roxanne
 19430 | Swamp:1  | Reached XP level 15. HP: 138/138 MP: 14/14
 19535 | Snake:1  | Entered Level 1 of the Snake Pit
 19541 | Snake:1  | Reached skill level 1 in Invocations
 19558 | Snake:1  | You fall through a shaft!
 19696 | Snake:2  | Received a gift from Okawaru
 19735 | Snake:2  | Reached skill level 5 in Invocations
 20026 | Snake:2  | Noticed a nagaraja
 20037 | Snake:2  | Killed a nagaraja
 20809 | Snake:3  | Received a gift from Okawaru
 20898 | Snake:3  | Reached skill level 10 in Invocations
 20990 | Snake:3  | Noticed Saint Roka
 21051 | Snake:2  | Killed Saint Roka
 21964 | Snake:4  | Entered Level 4 of the Snake Pit
 21965 | Snake:4  | Noticed Asterion
 22052 | Snake:4  | Reached XP level 16. HP: 146/146 MP: 23/23
 22058 | Snake:4  | Noticed an Executioner
 22070 | Snake:4  | Slain by a naga warrior

Skill      XL: |  1  2  3  4  5  6  7  8  9 10 11 12 13 14 15 |
---------------+----------------------------------------------+-----
Axes           | 3 4 5 6 7 9 11 13 15 18 | 18.2
Fighting       | 7 11 14 | 14.0
Shields        | 7 13 17 | 17.4
Armour         | 4 5 |  5.1
Dodging        | 10 | 10.3
Invocations    | 11 | 11.7

Action                   |  1- 3 |  4- 6 |  7- 9 | 10-12 | 13-15 | 16-18 || total
-------------------------+-------+-------+-------+-------+-------+-------++-------
Melee: War axe           |    87 |   103 |   357 |   537 |   249 |    12 ||  1345
       Headbutt          |     9 |    12 |    59 |   142 |   318 |     1 ||   541
       Broad axe         |       |       |       |   115 |   619 |       ||   734
       Hand axe          |       |       |       |     4 |   174 |       ||   178
Evoke: Wand              |       |       |     2 |     4 |    28 |       ||    34
       Phial of floods   |       |       |       |       |     2 |       ||     2
  Use: Scroll            |     5 |     5 |    13 |    15 |    14 |     1 ||    53
       Potion            |       |     2 |     4 |     4 |    15 |       ||    25
 Stab: Confused          |       |       |       |     7 |     3 |       ||    10
       Invisible         |       |       |       |       |     9 |       ||     9
       Paralysed         |       |       |       |       |     4 |       ||     4
  Eat: Ration            |       |     2 |     4 |     6 |     7 |       ||    19
       Chunk             |       |       |       |     5 |     1 |       ||     6
Armor: Scale mail        |    33 |    25 |       |       |       |       ||    58
       Plate armour      |       |    11 |   173 |   222 |       |       ||   406
       Chain mail        |       |       |       |    42 |   260 |    12 ||   314
       Skin              |       |       |       |    27 |       |       ||    27
Dodge: Dodged            |    37 |    19 |    50 |    93 |   376 |    16 ||   591
       Deflected         |       |       |       |       |    10 |     1 ||    11
Block: Shield            |    55 |    44 |   217 |   437 |   926 |    30 ||  1709
